Map: [ESL] Hard Lead

Players

GunGFuBanDa

  • Race: Protoss Protoss
  • Spawn Location: 11:00

Krystianer - Winner!

  • Race: Protoss Protoss
  • Spawn Location: 5:00

Event: ESL SC2 Masters 2023 Winter (Regional)

VOD

Have the link to the VOD?

Description

Time

  • Played on: Nov. 11, 2023, 10:27 a.m.
  • Length: 10:10

All games in this series

Show
View Real Time Build Order
Export as new Build Order

GunGFuBanDa Protoss 

Build Orders:  

Get SALT Encoding   

  12  0:00  Probe  
  13  0:12  Probe  
  14  0:17  Pylon  
  14  0:24  Probe (Chrono Boost)  
  16  0:35  Gateway  
  16  0:36  Probe (Chrono Boost)  
  16  0:42  Probe (Chrono Boost)  
  16  0:45  Assimilator  
  17  0:51  Probe  
  17  0:54  Assimilator  
  18  1:03  Probe (Chrono Boost)  
  19  1:06  Gateway  
  19  1:12  Probe (Chrono Boost)  
  19  1:17  Probe (Chrono Boost)  
  20  1:23  Cybernetics Core  
  21  1:29  Probe  
  22  1:34  Pylon  
  22  1:41  Probe  
  23  1:53  Probe  
  24  1:59  Stalker x2  
  24  2:01  Warp Gate  
  28  2:10  Pylon  
  28  2:29  Stalker x2  
  33  2:37  Probe  
  32  2:49  Probe  
  33  2:52  Shield Battery  
  33  2:59  Stalker x2  
  33  3:05  Pylon  
  37  3:24  Nexus, Probe  
  38  3:38  Twilight Council, Probe  
  39  3:49  Stalker x2  
  39  3:54  Probe  
  44  4:07  Pylon  
  44  4:12  Blink (Chrono Boost), Stalker  
  46  4:17  Pylon  
  46  4:31  Probe  
  46  4:37  Probe  
  48  4:45  Probe (Chrono Boost)  
  45  4:48  Stalker  
  45  4:49  Probe (Chrono Boost)  
  45  4:50  Stalker  
  48  4:56  Robotics Facility  
  50  5:00  Probe x2 (Chrono Boost)  
  50  5:08  Probe (Chrono Boost)  
  50  5:09  Shield Battery  
  47  5:17  Probe (Chrono Boost)  
  47  5:20  Stalker  
  46  5:22  Stalker  
  46  5:27  Probe (Chrono Boost)  
  50  5:28  Probe (Chrono Boost)  
  50  5:32  Probe (Chrono Boost)  
  51  5:37  Probe  
  52  5:43  Stalker  
  52  5:44  Probe  
  52  5:45  Observer, Stalker  
  52  5:49  Probe  
  59  5:56  Probe  
  60  6:01  Probe  
  61  6:08  Observer, Probe  
  61  6:11  Pylon  
  63  6:13  Probe  
  63  6:16  Pylon  
  62  6:20  Probe  
  62  6:25  Probe  
  62  6:26  Nexus  
  62  6:31  Stalker  
  62  6:32  Stalker, Probe  
  63  6:40  Probe  
  63  6:44  Probe  
  65  6:54  Probe (Chrono Boost)  
  66  6:55  Adept  
  66  6:56  Adept  
  71  7:02  Probe (Chrono Boost)  
  71  7:05  Probe (Chrono Boost)  
  71  7:08  Charge  
  72  7:09  Probe (Chrono Boost)  
  72  7:10  Probe (Chrono Boost)  
  72  7:11  Pylon  
  72  7:12  Assimilator  
  74  7:15  Forge  
  74  7:20  Probe  
  74  7:21  Probe  
  74  7:22  Sentry, Stalker  
  80  7:23  Shield Battery  
  80  7:32  Probe  
  80  7:33  Probe  
  82  7:38  Gateway  
  82  7:39  Gateway  
  82  7:44  Probe  
  82  7:45  Probe  
  82  7:46  Stalker x2  
  84  7:56  Probe  
  84  7:58  Protoss Ground Weapons Level 1 (Chrono Boost), Probe  
  82  8:00  Photon Cannon  
  82  8:03  Photon Cannon  
  82  8:05  Probe  
  84  8:13  Gateway  
  84  8:14  Gateway  
  84  8:15  Stalker x2  
  88  8:22  Gateway  
  88  8:27  Gateway  
  88  8:34  Stalker  
  90  8:44  Shield Battery  
  90  8:45  Shield Battery  
  90  8:50  Stalker x2  
  90  8:52  Pylon  
  92  9:03  Pylon  
  92  9:11  Pylon  
  92  9:13  Stalker  
  92  9:15  Pylon x2  
  94  9:23  Stalker  
  94  9:24  Stalker x3  
  92  9:28  Stalker  
  75  9:47  Zealot x5  
  72  9:56  Probe  
Show
View Real Time Build Order
Export as new Build Order

Krystianer Protoss - Winner!

Build Orders:  

Get SALT Encoding   

  12  0:00  Probe  
  13  0:12  Probe  
  14  0:16  Pylon  
  14  0:24  Probe (Chrono Boost)  
  16  0:36  Probe (Chrono Boost)  
  16  0:37  Gateway  
  16  0:43  Probe (Chrono Boost)  
  16  0:46  Assimilator  
  17  0:50  Probe  
  17  0:54  Assimilator  
  18  1:03  Probe (Chrono Boost)  
  19  1:07  Gateway  
  20  1:12  Probe (Chrono Boost)  
  20  1:17  Probe (Chrono Boost)  
  20  1:23  Cybernetics Core  
  21  1:29  Probe  
  22  1:34  Pylon  
  22  1:41  Probe  
  23  1:53  Probe  
  24  1:57  Warp Gate (Chrono Boost)  
  24  1:59  Adept x2  
  28  2:05  Probe  
  28  2:06  Shield Battery  
  29  2:13  Pylon  
  29  2:17  Probe  
  30  2:31  Adept x2  
  34  2:52  Nexus  
  34  3:01  Adept  
  34  3:02  Adept  
  38  3:17  Pylon  
  38  3:18  Probe  
  39  3:29  Robotics Facility  
  39  3:33  Probe  
  39  3:40  Adept x2  
  43  3:45  Probe (Chrono Boost)  
  44  3:57  Probe (Chrono Boost)  
  44  4:01  Shield Battery  
  45  4:05  Sentry x2  
  45  4:06  Probe (Chrono Boost)  
  45  4:08  Probe (Chrono Boost)  
  50  4:17  Shield Battery  
  47  4:28  Stalker x2  
  47  4:33  Immortal (Chrono Boost)  
  47  4:36  Probe  
  51  4:38  Probe  
  49  4:48  Probe  
  49  4:50  Probe  
  49  4:53  Twilight Council  
  49  4:55  Sentry, Stalker  
  53  5:00  Probe  
  54  5:07  Warp Prism (Chrono Boost)  
  54  5:10  Probe  
  54  5:13  Probe  
  52  5:23  Probe  
  52  5:26  Probe  
  52  5:27  Assimilator  
  52  5:30  Dark Shrine, Adept x2  
  52  5:35  Probe  
  57  5:38  Pylon  
  57  5:43  Immortal (Chrono Boost)  
  57  5:48  Probe  
  62  5:57  Stalker x2  
  62  6:15  Gateway, Immortal  
  62  6:27  Gateway  
  62  6:29  Gateway, Probe x2  
  64  6:43  Dark Templar x2  
  68  6:52  Resonating Glaives (Chrono Boost)  
  62  6:56  Immortal (Chrono Boost)  
  64  7:08  Gateway  
  64  7:10  Gateway  
  64  7:12  Gateway  
  64  7:18  Adept x2  
  64  7:20  Pylon, Adept  
  70  7:32  Immortal  
  70  7:37  Pylon  
  70  7:38  Pylon  
  70  7:39  Pylon  
  74  7:46  Shield Battery  
  74  7:56  Adept x5  
  80  8:04  Adept  
  82  8:08  Observer  
  83  8:19  Adept x6  
  95  8:21  Pylon  
  95  8:24  Adept  
  97  8:44  Adept x3  
  97  8:45  Adept x2  
  101  8:59  Pylon  
  99  9:05  Adept x2  
  99  9:06  Adept x3  
  95  9:31  Adept x8  
  81  9:57  Adept x4  
  81  9:58  Adept  
Tags
 
Add a new tag
Caveats
  • Supply blocks, unpowered buildings, or Contaminate may cause inaccurate times.
  • Supply counts are checked every 10 seconds.